 Dungeon Crawl Stone Soup version 0.29.1-13-g9f3cf754e1 (webtiles) character file.

Game seed: 13094997225828657159

74 leafyfresh the Magician (level 4, -1/31 HPs)
             Began as a Djinni Ice Elementalist on Feb 7, 2023.
             Slain by an orc wizard
             ... wielding a +0 dagger
              (3 damage)
             ... on level 3 of the Dungeon.
             The game lasted 00:03:48 (3174 turns).

leafyfresh the Magician (Djinni Ice Elementalist)   Turns: 3174, Time: 00:03:49

Health: -1/31      AC:  2    Str:  7    XL:     4   Next: 52%
Gold:   186        EV: 14    Int: 19    God:
                   SH:  0    Dex: 19

rFire   + + .      SeeInvis .   i - +1 short sword (elec)
rCold   x . .      Faith    .   (no shield)
rNeg    . . .      Spirit   .   a - +0 robe
rPois   ∞          Reflect  .   (no helmet)
rElec   .          Harm     .   (no cloak)
rCorr   .          Rampage  .   (no gloves)
Will    .....                   (boots unavailable)
Stlth   +.........              (no amulet)
HPRegen 0.10/turn               g - +6 ring of dexterity
MPRegen 0.00/turn               (no ring)

@: confused, flying
A: sickness immunity, fire resistance 2, cold vulnerability 1, float, innate
caster, HP casting, extra vitality 1
a: no special abilities


You were on level 3 of the Dungeon.
You visited 1 branch of the dungeon, and saw 3 of its levels.

You collected 186 gold pieces.

Inventory:

Hand Weapons
 b - a +0 dagger
 f - a +0 sling
 i - a +1 short sword of electrocution (weapon)
Armour
 a - a +0 robe (worn)
 j - a +0 ring mail of cold resistance
Jewellery
 g - a +6 ring of dexterity (left hand)
Scrolls
 c - 3 scrolls of identify {unknown}
 d - a scroll of enchant armour {unknown}
 e - 2 scrolls of amnesia {unknown}
 m - a scroll of fog {unknown}
 n - a scroll of acquirement {unknown}
 p - a scroll of fear {unknown}
 q - a scroll of teleportation {unknown}
 r - a scroll of magic mapping {unknown}
Potions
 h - a potion of lignification {unknown}
 k - a potion of magic {unknown}
 l - 2 potions of mutation {unknown}
 o - a potion of invisibility {unknown}
 s - a potion of haste {unknown}


   Skills:
 + Level 3.7 Dodging
 - Level 1.5 Stealth
 + Level 3.9 Spellcasting


You couldn't memorise any spells.
You knew the following spells:

 Your Spells              Type           Power      Damage    Failure   Level
a - Freeze                Ice            72%        1d9       2%          1
b - Frozen Ramparts       Ice            36%        1d6       9%          3
c - Ozocubu's Armour      Ice            18%        N/A       9%          3
d - Hailstorm             Conj/Ice       18%        3d6       26%         4
e - Sandblast             Erth           36%        2d10      2%          1
Your spell library was empty.

Dungeon Overview and Level Annotations

Branches:
Dungeon (3/15)

Altars:


Innate Abilities, Weirdness & Mutations

You are immune to sickness and miasma.
You are immune to poison.
Your flesh is very heat resistant. (rF++)
You are vulnerable to cold. (rC-)
You float through the air rather than walking.
You learn spells naturally, not from books.
Your magical power is your life essence.
You have superior vitality. (+4 MHP)


Message History

You kill the hobgoblin!
The wall freezes the orc.
The orc closely misses you.
The wall freezes the orc wizard but does no damage.
You completely miss the orc.
The orc is heavily wounded.
The wall freezes the orc.
The orc hits you with a +0 flail!
* * * LOW HITPOINT WARNING * * *
The wall freezes the orc wizard.
You closely miss the orc.
The orc is almost dead.
The wall freezes the orc wizard but does no damage.
You hit the orc wizard but do no damage.
The orc wizard is lightly wounded.
The wall freezes the orc.
You kill the orc!
You puncture the orc wizard!
The orc wizard is severely wounded.
The wall freezes the orc wizard.
The orc wizard casts a spell at you. The magic dart hits you.
* * * LOW HITPOINT WARNING * * *
You miss the orc wizard.
The orc wizard is almost dead.
The frozen ramparts melt away.
The orc wizard points at you and mumbles some strange words.
You are confused.
The orc wizard closely misses you.
The orc wizard casts a spell.
The orc wizard flickers and vanishes!
Deactivating autopickup; reactivate with Ctrl-A.
Unknown command.
You're too confused to cast spells.
Sorry, you're not good enough to have a special ability.
Unknown command.
You're too confused to cast spells.
Sorry, you're not good enough to have a special ability.
You bump into the rock wall.
Your magical contamination has completely faded away.
Something hits you.
You die...

..#####.###########.#
#.# #.# #.# ##.###
##+# ##....# ##...#
#.#.#.# #.....#
##....# .......##
##.#..##
...(....####...#.#
.......)).@......#
........####.>.#.#
...$...## ##.##.#
#.....# ####.# ##...#
#.# ##+# #.# #.# .#


There were no monsters in sight!

Vanquished Creatures
  2 adders
  A worm (D:2)
  A dart slug (D:1)
  3 orcs (D:3)
  A bat (D:2)
  4 endoplasms
  A giant cockroach (D:1)
  4 goblins
  5 hobgoblins
  3 quokkas (D:1)
  5 ball pythons
  4 frilled lizards
  6 kobolds
  6 rats
46 creatures vanquished.

Notes
Turn   | Place    | Note
-------+----------+-------------------------------------------
     0 | D:1      | leafyfresh the Djinni Ice Elementalist began the quest for
                  | the Orb.
     0 | D:1      | leafyfresh set off with the following spells memorised:
                  | Freeze, Frozen Ramparts, Ozocubu's Armour, Hailstorm.
     0 | D:1      | Reached XP level 1. HP: 15/15 MP: 0/0
   395 | D:1      | Reached XP level 2. HP: 20/21 MP: 0/0
   578 | D:1      | Found a faded altar of an unknown god.
  1040 | D:1      | Reached XP level 3. HP: 23/25 MP: 0/0
  1040 | D:1      | Learned a level 1 spell: Sandblast
  2518 | D:2      | Reached XP level 4. HP: 18/31 MP: 0/0
  3170 | D:3      | HP: 1/31 [orc wizard/magic dart (3)]
  3174 | D:3      | Slain by an orc wizard

Illustrated notes

Levels and vault maps discovered:
D:1:      nicolae_arrival_washed_ashore, layout_loops_ring,
          chequers_ecumenical_altar_simple_redux
D:2:      kennysheep_six_static_rooms, layout_rooms,
          hangedman_decor_peaks_small, minmay_misc_feat_ornament
D:3:      layout_loops_corners, minmay_misc_feat_plants, uniq_pargi

Skill      XL: |  1  2 |
---------------+-------+-----
Dodging        | 3 |  3.7
Stealth        | |  1.5
Spellcasting   | |  3.9

Action                   |  1- 3 |  4- 6 || total
-------------------------+-------+-------++-------
Melee: Dagger            |    38 |       ||    38
       Unarmed           |     2 |       ||     2
       Short sword       |    21 |    18 ||    39
 Cast: Freeze            |    31 |     2 ||    33
       Frozen Ramparts   |       |     1 ||     1
 Stab: Sleeping          |    10 |     1 ||    11
Armor: Robe              |     5 |     1 ||     6
Dodge: Dodged            |    43 |    10 ||    53
